 Dungeon Crawl Stone Soup version 0.19-a0-975-gfff5315 (webtiles) character file.

928 Gruud the Twirler (level 8, -3/48 HPs)
             Began as a Kobold Gladiator on July 13, 2016.
             Slain by an ogre
             ... wielding a +0 giant club
              (21 damage)
             ... on level 4 of the Dungeon.
             The game lasted 00:16:19 (3093 turns).

Gruud the Twirler (Kobold Gladiator)                Turns: 3093, Time: 00:16:20

Health: -3/48      AC: 10    Str: 15    XL:     8   Next: 32%
Magic:  8/8        EV: 11    Int:  6    God:
Gold:   239        SH:  0    Dex: 17    Spells: 0 memorised, 7 levels left

rFire  . . .     SeeInvis .     a - +0 quarterstaff
rCold  . . .     Gourm    .     w - +1 chain mail {rPois}
rNeg   . . .     Faith    .     (shield currently unavailable)
rPois  +         Spirit   .     c - +0 helmet
rElec  .         Dismiss  .     (no cloak)
rCorr  .         Reflect  .     (no gloves)
SustAt .         Harm     .     (no boots)
MR     .....                    (no amulet)
Stlth  ..........               (no ring)
                                (no ring)

@: not resistant to hostile enchantments, extremely unstealthy
A: carnivore 3
a: no special abilities


You were on level 4 of the Dungeon.
You were completely stuffed.

You visited 1 branch of the dungeon, and saw 7 of its levels.

You collected 239 gold pieces.

Inventory:

Hand Weapons
 a - a +0 quarterstaff (weapon)
 b - a +3 shortbow
Missiles
 d - 2 throwing nets (quivered)
 o - 63 arrows
Armour
 c - a +0 helmet (worn)
 e - a +0 ring mail
 t - a +0 chain mail
 w - a +1 chain mail of poison resistance (worn)
Jewellery
 n - an uncursed ring of fire
Scrolls
 h - 2 scrolls of remove curse {unknown}
 i - a scroll of random uselessness {unknown}
 j - 2 scrolls of teleportation {unknown}
 k - 2 scrolls of identify
 q - a scroll of enchant weapon {unknown}
 r - a scroll of immolation {unknown}
 s - a scroll of enchant armour {unknown}
 v - a scroll of amnesia {unknown}
 y - a scroll of fog {unknown}
Potions
 l - 3 potions of flight {unknown}
 m - 2 potions of agility {unknown}
 p - a potion of curing
 u - 2 potions of heal wounds {unknown}
 x - a potion of lignification {unknown}
Comestibles
 f - 2 meat rations
 g - a beef jerky
 z - 4 chunks of flesh


   Skills:
 - Level 4.5 Fighting
 * Level 6.8 Staves
 - Level 2.1 Throwing
 + Level 0.5 Armour
 + Level 6.3 Dodging


You had 7 spell levels left.
You didn't know any spells.

Dungeon Overview and Level Annotations

Branches:
Dungeon (7/15)
 Temple: D:4-7

Altars:
Trog


Innate Abilities, Weirdness & Mutations

You are small and have problems with some larger weapons.
You are carnivorous and can eat meat at any time.


Message History

The quokka moves out of view.
The ogre hits you but does no damage.
You hit the ogre.
The ogre is heavily wounded.
You hit the ogre.
The ogre is severely wounded.
The ogre hits you with a giant club!!
You hit the ogre.
The ogre is severely wounded.
The ogre hits you with a giant club!
* * * LOW HITPOINT WARNING * * *
You feel better. The ogre closely misses you.
You completely miss the ogre.
The ogre is severely wounded.
The ogre closely misses you.
Your chain mail prevents you from hitting the ogre.
The ogre is severely wounded.
You hit the ogre.
The ogre is almost dead.
The ogre hits you with a giant club!!
You die...

#..#......... ..#........#
..........# #........##.
#........?.. #...#...###.#
#...........#
#......#O.####...#.
##....##@##..##...
#.#..#..#....#..#
#.#..#....#..#..#
#.##.##..##.##..###
#.....####.)#.....#
#...............# ########
#.###..#..#)..#.#.#
.......###.###.###.#.......#
...............#
#...#.#.#...


You could see an ogre.

Vanquished Creatures
  2 phantoms (D:4)
  3 centaurs (D:7)
  2 scorpions
  A giant frog zombie (D:6)
  2 hounds (D:7)
  An orc wizard (D:3)
  A giant frog skeleton (D:4)
  Natasha (D:2)
  7 gnolls
  10 adders
  A worm (D:2)
  3 giant geckos
  13 orcs
  4 giant cockroaches
  8 goblins
  5 hobgoblins
  6 jackals
  5 kobolds
  3 quokkas (D:3)
  10 bats
  2 giant newts
  A jackal skeleton (D:4)
  11 rats
102 creatures vanquished.

Vanquished Creatures (others)
  5 toadstools (D:1)
5 creatures vanquished.

Grand Total: 107 creatures vanquished

Notes
Turn   | Place    | Note
-------+----------+-------------------------------------------
     0 | D:1      | Gruud the Kobold Gladiator began the quest for the Orb.
     0 | D:1      | Reached XP level 1. HP: 12/12 MP: 1/1
   157 | D:1      | Reached XP level 2. HP: 18/18 MP: 2/2
   324 | D:1      | Reached XP level 3. HP: 13/22 MP: 3/3
   751 | D:3      | Reached XP level 4. HP: 22/27 MP: 4/4
   961 | D:2      | Noticed Natasha
   971 | D:2      | Reached XP level 5. HP: 31/32 MP: 5/5
   983 | D:2      | Killed Natasha
  1559 | D:3      | Found a bloodstained altar of Trog.
  1644 | D:4      | You fall through a shaft for 3 floors!
  1644 | D:7      | Noticed a centaur
  1647 | D:7      | Noticed a centaur
  1656 | D:7      | Reached XP level 6. HP: 35/37 MP: 6/6
  1668 | D:7      | Reached skill level 5 in Staves
  1668 | D:7      | Reached skill level 5 in Dodging
  1677 | D:7      | Reached XP level 7. HP: 14/42 MP: 7/7
  2221 | D:5      | Entered Level 5 of the Dungeon
  2488 | D:3      | Reached XP level 8. HP: 38/48 MP: 8/8
  3093 | D:4      | Slain by an ogre

Vault maps used:
D:1:      ldierk_walled_garden, minmay_split_cup_large
D:2:      minmay_stone_trees_small, uniq_natasha
D:3:      old_standard_altar
D:4:      gammafunk_temple_overflow_forgotten, serial_shops,
          kennysheep_mini_moat, first_bread, minmay_close_crescents
D:5:      serial_bayou, serial_bayou_shore_a, serial_bayou_lagoon_a,
          serial_bayou_crossing, serial_bayou_pond_a
D:6:      old_standard_altar, uniq_edmund

Skill      XL: |  1  2  3  4  5  6  7  8 |
---------------+-------------------------+-----
Staves         | 3 4 5 6 |  6.8
Dodging        | 4 5 6 |  6.3
Fighting       | 3 4 |  4.5
Throwing       | |  2.1
Armour         | |  0.5

Action                   |  1- 3 |  4- 6 |  7- 9 || total
-------------------------+-------+-------+-------++-------
Melee: Quarterstaff      |    93 |   123 |   193 ||   409
Throw: Throwing net      |     1 |     1 |       ||     2
  Use: Potion            |       |     2 |     1 ||     3
       Scroll            |       |       |     2 ||     2
 Stab: Held in net/web   |       |     2 |       ||     2
  Eat: Chunk             |     8 |     3 |     6 ||    17
Armor: Leather armour    |     5 |       |       ||     5
       Ring mail         |    27 |    25 |    36 ||    88
       Chain mail        |       |       |    18 ||    18
Dodge: Dodged            |    71 |   103 |   107 ||   281
